AoeStats
← thunder bun

Arabia

506392637Analyzed
1v1 RM · 17d ago on Sep 13, 2026· 38m 57s· 2 players
Game mode
Random Map
Map size
Tiny (2 player)
Population
200
Speed
Normal
Resources
Standard
Victory
Conquest
Starting age
Dark Age
Ending age
Imperial Age
RankedLock teamsTeams togetherTeam positionsShared explorationLock speedFull tech treeHidden civsTurbo modeCheats
Victory
Defeat
🇹🇷 Bengalis · Türkiye
2346
+9
🇹🇼 Chinese · Taiwan
2182
-9
thunder bun
0:26 Loom
8:51 Feudal Age
9:42 Double-Bit Axe
9:46 Horse Collar
19:13 Castle Age
18:30 Fletching
19:18 Elite Skirmisher
19:54 Bodkin Arrow
21:21 Padded Archer Armor
22:06 Bow Saw
25:06 Ballistics
26:32 Sanctity
26:45 Scale Barding Armor
30:40 Chain Barding Armor
31:11 Chain Barding Armor
33:44 Bloodlines
33:35 Husbandry
36:22 Imperial Age
34:48 Forging
35:20 Wheelbarrow
35:31 Leather Archer Armor
36:13 Masonry
37:09 Bracer
39:21 Ring Archer Armor
zankoku sekai no akuma
5:20 Loom
8:22 Feudal Age
9:01 Double-Bit Axe
9:35 Horse Collar
19:41 Castle Age
18:05 Fletching
18:17 Gold Mining
19:18 Bloodlines
20:37 Bodkin Arrow
21:33 Bow Saw
22:42 Husbandry
24:29 Ballistics
24:54 Wheelbarrow
27:15 Hand Cart
33:01 Imperial Age
31:37 Light Cavalry
32:40 Scale Barding Armor
32:46 Forging
33:01 Heavy Plow
34:25 Bracer
35:52 Chemistry
35:56 Padded Archer Armor
36:16 Chain Barding Armor
37:16 Conscription
38:15 Plate Barding Armor
38:47 Iron Casting
Connection lost

Rejoining the realm…

Still unreachable

The connection could not be restored.

Session expired

The server has moved on; the page needs a fresh start.